 Dungeon Crawl Stone Soup version 0.25-a0-290-g4a1327ee3a (webtiles) character file.

Game seed: 10906637797819762894, levelgen mode: deterministic

116 Lanoc the Ducker (level 4, 0/42 HPs)
             Began as a Troll Enchanter on Dec 13, 2019.
             Was an Initiate of Nemelex Xobeh.
             Slain by an orc wizard
             ... wielding a +0 dagger
              (3 damage)
             ... on level 3 of the Dungeon.
             The game lasted 00:03:47 (1389 turns).

Lanoc the Ducker (Troll Enchanter)                  Turns: 1389, Time: 00:03:48

Health: 0/42       AC:  6    Str: 21    XL:     4   Next: 69%
Magic:  4/4        EV: 10    Int: 11    God:    Nemelex Xobeh [......]
Gold:   206        SH:  0    Dex: 11    Spells: 4/5 levels left

rFire    . . .     SeeInvis .   (no weapon)
rCold    . . .     Gourm    +   (no shield)
rNeg     . . .     Faith    .   b - +0 robe
rPois    .         Spirit   .   (helmet restricted)
rElec    .         Reflect  .   (no cloak)
rCorr    .         Harm     .   (gloves unavailable)
MR       .....                  (boots unavailable)
Stlth    ++........             (no amulet)
HPRegen  0.54/turn              (no ring)
MPRegen  0.09/turn              (no ring)

@: mighty
A: large, unfitting armour, claws 3, fast metabolism 3, gourmand, regeneration
1, shaggy fur 1, tough skin 3
a: Draw Escape, Draw Destruction, Draw Summoning, Renounce Religion


You were on level 3 of the Dungeon.
You worshipped Nemelex Xobeh.
Nemelex Xobeh was noncommittal.
You were very full.

You visited 1 branch of the dungeon, and saw 3 of its levels.

You collected 206 gold pieces.

Inventory:

Missiles
 a - 14 poisoned darts (quivered)
Armour
 b - a +0 robe (worn)
Scrolls
 c - 3 scrolls of identify {unknown}
 f - 3 scrolls of teleportation {unknown}
 h - 3 scrolls of remove curse {unknown}
 i - 2 scrolls of magic mapping {unknown}
Potions
 g - a potion of resistance {unknown}
 j - a potion of degeneration {unknown}
 k - 4 potions of brilliance {unknown}
 l - 2 potions of heal wounds {unknown}
 n - a potion of ambrosia {unknown}
 o - a potion of haste {unknown}
Comestibles
 d - 7 rations
 m - 6 chunks of flesh


   Skills:
 + Level 2.1 Fighting
   Level 0.7 Short Blades
 + Level 2.8 Dodging
 - Level 1.5 Stealth
 - Level 1.2 Spellcasting
 - Level 2.0 Hexes
 + Level 1.5 Invocations


You had 4 spell levels left.
You knew the following spells:

 Your Spells              Type           Power        Failure   Level  Hunger
a - Corona                Hex            #......      14%         1    ##.....

Your spell library contained the following spells:

 Spells                   Type           Power        Failure   Level  Hunger
 Ensorcelled Hibernation  Hex/Ice        #.....       32%         2    ###....
 Confuse                  Hex            #.......     38%         3    ####...
 Tukima's Dance           Hex            #.......     38%         3    ####...
 Dazzling Flash           Conj/Hex       #.....       54%         3    ####...


Dungeon Overview and Level Annotations

Branches:
Dungeon (3/15)

Altars:
Nemelex Xobeh
Sif Muna
Trog


Innate Abilities, Weirdness & Mutations

You are too large for most types of armour.
You have claws for hands.
Your metabolism is lightning-fast.
You like to eat raw meat.
Your natural rate of healing is unusually fast.
You are covered in fur. (AC +1)
You have extremely tough skin. (AC +3)


Message History

* * * LOW HITPOINT WARNING * * *
You miss the orc wizard.
The orc wizard is heavily wounded.
The orc hits you.
* * * LOW HITPOINT WARNING * * *
The orc wizard barely misses you.
It was a potion of might.
You feel very mighty all of a sudden. The orc barely misses you.
The orc wizard closely misses you.
You scratch the orc wizard.
The orc wizard is almost dead.
The orc hits you but does no damage.
The orc wizard hits you with a +0 dagger.
* * * LOW HITPOINT WARNING * * *
You closely miss the orc wizard.
The orc wizard is almost dead.
The orc hits you but does no damage.
The orc wizard hits you with a +0 dagger.
You die...
Your body disappears without a glow.

#### #..........#
#..........#
#..........#
#########..#
########..#########
.......))..........
....^..))>.........
.......oo#(.......[
.......@.#((.......
.........#.o{......
.........#.........
.........#.........
##########.........
#.........
#.........
#.........


You could see an orc wizard and an orc.

Vanquished Creatures
  A worker ant (D:3)
  An adder (D:3)
  A dart slug (D:2)
  2 leopard geckos
  9 orcs (D:3)
  A ball python (D:1)
  13 bats
  A giant cockroach (D:2)
  7 hobgoblins
  7 jackals
  4 kobolds
  A quokka (D:3)
  6 frilled lizards
  6 goblins
  5 rats
65 creatures vanquished.

Notes
Turn   | Place    | Note
-------+----------+-------------------------------------------
     0 | D:1      | Lanoc the Troll Enchanter began the quest for the Orb.
     0 | D:1      | Reached XP level 1. HP: 16/16 MP: 1/1
    68 | D:1      | Reached XP level 2. HP: 19/26 MP: 2/2
    70 | D:1      | Reached skill level 1 in Fighting
   700 | D:2      | Found a sparkling altar of Nemelex Xobeh.
   708 | D:2      | Reached XP level 3. HP: 33/33 MP: 3/3
   718 | D:2      | Became a worshipper of Nemelex Xobeh the Trickster
   737 | D:2      | Received a gift from Nemelex Xobeh
   814 | D:2      | Found a bloodstained altar of Trog.
  1016 | D:2      | Found a shimmering blue altar of Sif Muna.
  1113 | D:3      | Reached skill level 1 in Invocations
  1113 | D:3      | Reached XP level 4. HP: 42/42 MP: 4/4
  1389 | D:3      | Slain by an orc wizard

Levels and vault maps discovered:
D:1:      nicolae_arrival_washed_ashore, layout_loops_ring, nrook_loot_triangle,
          hex_medium
D:2:      layout_basic, lightli_temple_of_fire, lemuel_round_altar,
          nemelex_xobeh_ov_fountains_minmay
D:3:      layout_basic

Skill      XL: |  1  2  3  4 |
---------------+-------------+-----
Dodging        | 2 |  2.8
Fighting       | 1 2 |  2.1
Invocations    | 1 |  1.5
Short Blades   | |  0.7
Stealth        | |  1.5
Spellcasting   | |  1.2
Hexes          | |  2.0

Action                   |  1- 3 |  4- 6 || total
-------------------------+-------+-------++-------
Melee: Unarmed           |   122 |    99 ||   221
       Dagger            |     6 |       ||     6
  Use: Potion            |       |     1 ||     1
 Stab: Sleeping          |     2 |       ||     2
  Eat: Chunk             |    10 |     8 ||    18
Armor: Robe              |    73 |    44 ||   117
Dodge: Dodged            |    86 |    58 ||   144

Table legend:
 A = Non-vault XP
 B = Vault XP
 C = Vault XP percentage of total XP
 D = Non-vault monster count
 E = Vault monster count
 F = Vault count percentage of total count
                 A         B        C        D         E       F
            +---------+---------+-------+---------+---------+-------
      Total |     166 |       0 |   0.0 |      65 |       0 |   0.0
            +---------+---------+-------+---------+---------+-------
        D:1 |      37 |       0 |   0.0 |      24 |       0 |   0.0
        D:2 |      39 |       0 |   0.0 |      20 |       0 |   0.0
        D:3 |      90 |       0 |   0.0 |      21 |       0 |   0.0
            +---------+---------+-------+---------+---------+-------
